 Dungeon Crawl Stone Soup version 0.29-a0-330-g52719c12eb (webtiles) character file.

Game seed: 9866302137917014956

557 spiderkeys the Ducker (level 7, -6/33 HPs)
             Began as a Felid Abyssal Knight on Apr 13, 2022.
             Was an Elder of Lugonu.
             Mangled by a gnoll sergeant
             ... wielding a +4 vorpal spear
              (16 damage)
             ... on level 6 of the Dungeon.
             The game lasted 00:10:06 (7396 turns).

spiderkeys the Ducker (Felid Abyssal Knight)        Turns: 7396, Time: 00:10:06

Health: -6/33      AC:  2    Str:  9    XL:     7   Next: 9%
Magic:  18/18      EV: 21    Int: 12    God:    Lugonu [****..]
Gold:   333        SH:  0    Dex: 18    Spells: 4/6 levels left
                                        Lives:  0   Deaths: 2

rFire   . . .      SeeInvis +     - Unarmed
rCold   . . .      Faith    .   (shield unavailable)
rNeg    + . .      Spirit   .   (body armour unavailable)
rPois   +          Reflect  .   (helmet unavailable)
rElec   .          Harm     .   (cloak unavailable)
rCorr   .          Rampage  .   (gloves unavailable)
Will    ++...                   (boots unavailable)
Stlth   +++.......              (no amulet)
HPRegen 0.11/turn               g - ring "Xoawk" {Fly rPois rN+ Will+}
MPRegen 0.16/turn               W - ring of magical power

@: flying, quick
A: very small, claws 1, fangs 3, see invisible, speed 1, shaggy fur 2, stealthy
paws, no weapons or thrown items, no armour, multi-lived
a: Renounce Religion, Depart the Abyss, Bend Space, Banish, Corrupt


You were on level 6 of the Dungeon.
You worshipped Lugonu.
Lugonu was greatly pleased with you.
You visited 1 branch of the dungeon, and saw 6 of its levels.
You visited the Abyss 1 time.

You collected 333 gold pieces.


Innate Abilities, Weirdness & Mutations

You have sharp claws.
You have razor-sharp teeth.
You have supernaturally acute eyesight. (SInv)
You cover ground quickly. (Speed+)
You are covered in thick fur. (AC +2)
Your paws help you pounce on unaware monsters.
You are incapable of wielding weapons or throwing items.
You cannot wear armour.
You gain extra lives every three experience levels.


   Skills:
 + Level 5.2 Fighting
 + Level 6.4 Dodging
 + Level 6.1 Stealth
 + Level 4.7 Unarmed Combat
 + Level 3.7 Transmutations
 - Level 2.0 Invocations


You had 4 spell levels left.
You knew the following spells:

 Your Spells              Type           Power      Damage    Failure   Level
w - Wereblood             Tmut           8%         N/A       11%         2

Your spell library contained the following spells:

 Spells                   Type           Power      Damage    Failure   Level
 Summon Small Mammal      Summ           0%         N/A       32%         1
 Sublimation of Blood     Necr           0%         N/A       45%         2
 Call Canine Familiar     Summ           0%         N/A       69%         3
 Summon Guardian Golem    Hex/Summ       0%         N/A       69%         3
 Summon Hydra             Summ           0%         N/A       100%        7

Inventory:

Jewellery
 g - the ring "Xoawk" (left paw) {Fly rPois rN+ Will+}
   (You found it on level 2 of the Dungeon)

   [ring of positive energy]

   rPois:     It protects you from poison.
   rN:        It protects you from negative energy.
   Fly:       It grants you flight.
   Will:      It increases your willpower.
 p - an amulet of magic regeneration
   (You found it on level 6 of the Dungeon)
 C - a ring of ice
   (You found it on level 3 of the Dungeon)
 W - a ring of magical power (right paw)
   (You found it on level 3 of the Dungeon)
Wands
 l - a wand of flame (7)
   (You took it off Jessica on level 2 of the Dungeon)
Scrolls
 a - a scroll of teleportation {@r4}
 e - 2 scrolls of magic mapping {!r}
 h - a scroll of enchant weapon
 i - a scroll of summoning
 n - a scroll of identify {@r1}
 o - a scroll of fear {unknown}
 q - a scroll of enchant armour
Potions
 b - 2 potions of curing {unknown}
 c - a potion of degeneration {unknown}
 d - 5 potions of lignification {!q}
 f - a potion of heal wounds {unknown}
 j - 2 potions of attraction {unknown}
 k - a potion of haste {@q3}
 m - a potion of flight

Dungeon Overview and Level Annotations

Branches:
Dungeon (6/15)             Temple (0/1) D:5

Altars:
Makhleb
Qazlal
Zin

Annotations:
D:5 3 runed translucent doors, Laraso's ghost, novice DjGl
D:6 1 runed translucent door, Crazy Yiuf

#.###.# #.###.#
#######...... #
##.)......>...
#.##.....##...###
#.............#
####.....##.#.#
############...###.#.#
....ggg@.)....## #.#.#
###############
#.#.### .#.[<. ##...
#... ##.. ♣... ♣♣..
♣♣.


You could see a gnoll sergeant and 2 gnolls.


Message History

😱 HP[-4]
You take 4 damage, and now have 4/30 hp.
You scratch the orc wizard.
You kill the orc wizard!
Lugonu accepts your kill.
Things that are here:
a +0 dagger; a +0 robe You see here a black bear corpse.
You start resting. 😎 HP[+26]
Your hp is fully restored (30).
Things that are here:
a +0 robe; a +0 dagger
There is a stone staircase leading down, spattered with blood here.
You fly downwards.
There is a stone staircase leading up, spattered with blood here.
Things that are here:
a +0 ring mail; a +0 dagger; an orc skeleton Crazy Yiuf shouts!
An adder comes into view.
An adder is nearby!
The helpless adder fails to defend itself.
You mangle the adder!!
You kill the adder!
Lugonu accepts your kill.
No target in view!
No target in view!
No target in view!
Key pressed, stopping explore.
p - an amulet of magic regeneration An iguana comes into view.
Okay, then.
An iguana is nearby!
Casting: Wereblood (safe; 12% risk of failure)
Confirm with . or Enter, or press ? or * to list all spells.
Okay, then.
A bullfrog comes into view.
You pounce on the unaware helpless iguana!
You mangle the iguana!!
You kill the iguana!
Lugonu accepts your kill.
The helpless bullfrog fails to defend itself.
You eviscerate the bullfrog!!!
You kill the bullfrog!
Lugonu accepts your kill.
Your Stealth skill increases to level 6!
Welcome back to level 7! 😎 HP[+3] MP[+1]
You now have 33 max hp (+3).
Your hp is fully restored (33).
Your mp is fully restored (18).
No target in view!
No target in view!
No target in view!
You now have 323 gold pieces (gained 14).
Key pressed, stopping explore.
You now have 333 gold pieces (gained 10).
Key pressed, stopping explore.
An orc comes into view. It is wielding a +0 hand axe.
The helpless orc fails to defend itself.
You mangle the orc!!
You kill the orc!
Lugonu accepts your kill.
No target in view!
No target in view!
Key pressed, stopping explore.
Key pressed, stopping explore.
q - a scroll of enchant armour No target in view!
Casting: Wereblood (safe; 11% risk of failure)
Confirm with . or Enter, or press ? or * to list all spells.
Okay, then.
Okay, then.
A gnoll sergeant and 2 gnolls come into view.
The gnoll sergeant is wielding a +4 vorpal spear.
There are monsters nearby!
There are monsters nearby!
There are monsters nearby!
A gnoll comes into view. It is wielding a +0 spear.
You claw the gnoll! You bite the gnoll.
The gnoll hits you with a +0 club. 😕 HP[-5]
You take 5 damage, and now have 28/33 hp.
You scratch the gnoll.
You kill the gnoll!
Lugonu accepts your kill. 😕 HP[+1]
The gnoll sergeant shouts!
The gnoll shouts! x2
You see here a +0 club.
The gnoll sergeant misses you.
The gnoll sergeant hits you with a +4 vorpal spear!
* * * LOW HITPOINT WARNING * * *
x2 😨 HP[-19]
You take 19 damage, and now have 10/33 hp.
MASSIVE DAMAGE!! (PAUSE)
You scratch the gnoll sergeant.
The gnoll sergeant completely misses you.
You claw the gnoll sergeant!
The gnoll sergeant completely misses you.
You barely miss the gnoll sergeant.
The gnoll sergeant hits you with a +4 vorpal spear!
You die...

Skill      XL: |  1  2  3  4  5  6  7 |
---------------+----------------------+-----
Invocations    | 2 |  2.0
Stealth        | 1 2 3 4 6 |  6.1
Dodging        | 4 5 6 |  6.4
Unarmed Combat | 3 4 |  4.7
Fighting       | 4 5 |  5.2
Transmutations | 1 3 |  3.7

Action                   |  1- 3 |  4- 6 |  7- 9 || total
-------------------------+-------+-------+-------++-------
Melee: Unarmed           |   156 |   252 |    50 ||   458
       Bite              |    14 |    24 |     6 ||    44
       Punch             |     2 |     4 |     2 ||     8
Invok: Bend Space        |       |     6 |     1 ||     7
Evoke: Wand              |       |    14 |       ||    14
  Use: Scroll            |       |     8 |       ||     8
       Potion            |       |       |     2 ||     2
 Stab: Sleeping          |       |    17 |     1 ||    18
Armor: Skin              |     5 |    11 |     9 ||    25
Dodge: Dodged            |   143 |   179 |    68 ||   390

Levels and vault maps discovered:
D:1:      amcnicky_arrival_blooded_trapdoor, layout_loops_cross,
          shapermc_ecumenical_altar_pompeii, st_stairs_1
D:2:      layout_basic, serial_corexii_hall, corexii_hall_statues_u,
          corexii_hall_statues_l, basic_altar, minmay_pentomino_q4, uniq_jessica
D:3:      layout_loops_ring, grunt_temple_overflow_order_and_chaos_2,
          mainiacjoe_overflow_small_starburst
D:4:      layout_rooms
D:5:      layout_rooms, temple_pool_b, ebering_ghost_rock_garden,
          minmay_increasing_density
D:6:      layout_loops_ring, ebering_ghost_disaster_area, kennysheep_path_1,
          minmay_misc_feat_diagonals, uniq_crazy_yiuf_cottage

Notes
Turn   | Place    | Note
-------+----------+-------------------------------------------
     0 | Abyss:1  | spiderkeys the Felid Abyssal Knight began the quest for the
                  | Orb.
     0 | Abyss:1  | Reached XP level 1. HP: 10/10 MP: 3/3
     0 | Abyss:1  | magus.rc [v1.11.3]
    10 | D:1      | You pass through the gate.
    10 | D:1      | Escaped the Abyss
   331 | D:1      | Reached skill level 2 in Invocations
   331 | D:1      | Reached XP level 2. HP: 13/14 MP: 4/4
   332 | D:1      | Reached skill level 1 in Stealth
   650 | D:1      | Found a faded altar of an unknown god.
   851 | D:1      | Reached *** piety under Lugonu
   858 | D:1      | Reached XP level 3. HP: 12/17 MP: 5/5
  1295 | D:1      | Reached skill level 2 in Stealth
  1755 | D:2      | Found a stormy altar of Qazlal.
  1757 | D:2      | Identified the ring "Xoawk" {Fly rPois rN+ Will+}
  1900 | D:2      | Reached skill level 4 in Dodging
  1900 | D:2      | Reached XP level 4. HP: 14/21 MP: 6/6
  2474 | D:2      | HP: 3/21 [goblin/+0 dagger (3)]
  2796 | D:2      | Noticed Jessica
  2799 | D:2      | Killed Jessica
  2800 | D:2      | Reached skill level 3 in Stealth
  3037 | D:3      | Reached skill level 3 in Unarmed Combat
  3053 | D:3      | You pick up a book of Blood and begin reading...
  3053 | D:3      | You add the spells Sublimation of Blood, Wereblood and
                  | Summon Hydra to your library.
  3057 | D:3      | Learned a level 2 spell: Wereblood
  3253 | D:3      | Found a stormy altar of Qazlal.
  3520 | D:3      | Found a glowing silver altar of Zin.
  3520 | D:3      | Found a burning altar of Makhleb.
  3521 | D:3      | Noticed an Executioner
  3521 | D:3      | Noticed an angel
  3676 | D:4      | Reached XP level 5. HP: 17/25 MP: 7/7
  3683 | D:4      | HP: 1/25 [worm (7)]
  4005 | D:4      | Noticed an ogre
  4033 | D:4      | Killed an ogre
  4034 | D:4      | Reached skill level 4 in Fighting
  4034 | D:4      | Reached skill level 1 in Transmutations
  4069 | D:4      | Reached **** piety under Lugonu
  4174 | D:4      | HP: 6/25 [orc/+0 whip (3)]
  4579 | D:4      | You pick up a book of Callings and begin reading...
  4579 | D:4      | You add the spells Summon Small Mammal, Call Canine
                  | Familiar and Summon Guardian Golem to your library.
  4779 | D:5      | Entered Level 5 of the Dungeon
  4786 | D:5      | Noticed a wyvern
  5084 | D:5      | Noticed a phantom
  5213 | D:5      | Noticed an ogre
  5224 | D:5      | Killed an ogre
  5225 | D:5      | Reached skill level 5 in Dodging
  5225 | D:5      | Reached skill level 4 in Stealth
  5225 | D:5      | Gained mutation: You are covered in thick fur. (AC +2)
                  | [Felid growth]
  5225 | D:5      | Reached XP level 6. HP: 28/28 MP: 8/8
  5393 | D:5      | Found a staircase to the Ecumenical Temple.
  5395 | D:5      | Found a runed translucent gate.
  5395 | D:5      | Found a runed translucent gate.
  5398 | D:5      | Found a runed translucent gate.
  5398 | D:5      | Noticed Laraso's ghost (novice DjGl)
  5410 | D:5      | Reached skill level 2 in Transmutations
  5430 | D:5      | HP: 6/29 [hound (4)]
  5440 | D:5      | Slain by a hound
  5441 | D:5      | Reached XP level 5. HP: -1/25 MP: 7/7
  5454 | D:5      | Noticed an ogre
  5466 | D:5      | Killed an ogre
  5467 | D:5      | Reached XP level 6. HP: 29/29 MP: 8/8
  5478 | D:5      | Reached skill level 4 in Unarmed Combat
  5546 | D:5      | Reached skill level 5 in Stealth
  5913 | D:5      | Reached skill level 3 in Transmutations
  5913 | D:5      | Reached XP level 7. HP: 31/33 MP: 9/9
  6492 | D:5      | Reached skill level 6 in Dodging
  6650 | D:5      | HP: 1/33 [orc wizard/puff of flame (10)]
  6912 | D:5      | HP: 4/33 [black bear (5)]
  6913 | D:5      | HP: 1/33 [black bear (3)]
  6915 | D:5      | Slain by a black bear
  6916 | D:5      | Reached XP level 6. HP: -3/30 MP: 17/17
  6927 | D:5      | Reached skill level 5 in Fighting
  6931 | D:5      | HP: 4/30 [orc wizard/magic dart (5)]
  7217 | D:6      | Found a runed translucent door.
  7218 | D:6      | Noticed Crazy Yiuf
  7288 | D:6      | Reached skill level 6 in Stealth
  7288 | D:6      | Reached XP level 7. HP: 33/33 MP: 9/9
  7396 | D:6      | Mangled by a gnoll sergeant

Vanquished Creatures
  A black bear (D:5)
  3 ogres
  A bullfrog (D:6)
  A necrophage (D:5)
  2 scorpions (D:5)
  A howler monkey (D:5)
  2 hounds (D:5)
  2 orc priests
  Jessica (D:2)
  3 orc wizards
  3 iguanas
  5 adders
  A gnoll (D:6)
  A white imp (D:5)
  4 worms
  3 dart slugs
  8 orcs
  4 bats
  9 endoplasms
  7 giant cockroaches
  6 goblins
  10 hobgoblins
  8 jackals
  6 kobolds
  6 quokkas
  8 ball pythons
  2 frilled lizards (D:1)
  8 rats
116 creatures vanquished.

Table legend:
 A = Non-vault XP
 B = Vault XP
 C = Vault XP percentage of total XP
 D = Non-vault monster count
 E = Vault monster count
 F = Vault count percentage of total count
                 A         B        C        D         E       F
            +---------+---------+-------+---------+---------+-------
      Total |    1354 |     189 |  12.2 |     105 |      11 |   9.5
            +---------+---------+-------+---------+---------+-------
        D:1 |      59 |       3 |   4.8 |      35 |       2 |   5.4
        D:2 |      68 |      46 |  40.4 |      19 |       6 |  24.0
        D:3 |      12 |       0 |   0.0 |       6 |       0 |   0.0
        D:4 |     186 |       0 |   0.0 |      18 |       0 |   0.0
        D:5 |     838 |     140 |  14.3 |      21 |       3 |  12.5
        D:6 |     191 |       0 |   0.0 |       6 |       0 |   0.0
            +---------+---------+-------+---------+---------+-------

Illustrated notes

Table legend:
 A = Kills in this place as a percentage of kills in entire the game.
 B = Kills by you in this place as a percentage of kills by you in the entire game.
 C = Kills by friends in this place as a percentage of kills by friends in the entire game.
 D = Other kills in this place as a percentage of other kills in the entire game.
 E = Experience gained in this place as a percentage of experience gained in the entire game.
 F = Experience gained in this place divided by the number of levels of this place that you have seen.
                   A       B       C       D       E      F
               +-------+-------+-------+-------+-------+----------------------
         Total | 100.0 | 100.0 |   N/A |   N/A | 100.0 | 220.4
       Dungeon | 100.0 | 100.0 |   N/A |   N/A | 100.0 | 257.2
               +-------+-------+-------+-------+-------+----------------------

Table legend: (Time is in decaauts)
 A = Elapsed time spent in this place.
 B = Non-inter-level travel time spent in this place.
 C = Inter-level travel time spent in this place.
 D = Time resting spent in this place.
 E = Time spent auto-exploring this place.
 F = Levels seen in this place.
 G = Mean time per level.
                   A        B        C        D        E       F      G
               +--------+--------+--------+--------+--------+-----+--------+
         Total |   6729 |   6444 |    285 |   2213 |   3164 |   7 |  961.3 |
       Dungeon |   6721 |   6436 |    285 |   2213 |   3164 |   6 | 1120.2 |
         Abyss |      8 |      8 |      0 |      0 |      0 |   1 |    8.0 |
               +--------+--------+--------+--------+--------+-----+--------+

Top non-repeatable levels by time:
     D:5: 1631 daAuts
     D:1: 1604 daAuts
     D:4: 1115 daAuts
     D:2: 1107 daAuts
     D:3: 1083 daAuts
     D:6: 180 daAuts
 Abyss:1: 8 daAuts
